 Dungeon Crawl Stone Soup version 0.24.0-37-gcf1ca852f1 (webtiles) character file.

Game seed: 6361670501059807497, levelgen mode: deterministic

92 PentaManta the Bolt Thrower (level 4, -1/29 HPs)
             Began as a Halfling Hunter on Dec 6, 2019.
             Slain by Sigmund
             ... wielding a +0 scythe
              (5 damage)
             ... on level 3 of the Dungeon.
             The game lasted 00:03:43 (2192 turns).

PentaManta the Bolt Thrower (Halfling Hunter)       Turns: 2192, Time: 00:03:43

Health: -1/29      AC:  5    Str: 13    XL:     4   Next: 90%
Magic:  4/4        EV: 15    Int:  9    God:
Gold:   144        SH:  0    Dex: 15    Spells: 3/3 levels left

rFire    . . .     SeeInvis .   a - +1 hand crossbow
rCold    . . .     Gourm    .   (shield restricted)
rNeg     . . .     Faith    +   c - +0 leather armour
rPois    .         Spirit   .   l - +0 helmet
rElec    .         Reflect  .   h - +0 cloak
rCorr    .         Harm     .   (no gloves)
MR       .....                  (no boots)
Stlth    +++.......             s - amulet of faith
HPRegen  0.09/turn              j - ring of stealth
MPRegen  0.09/turn              (no ring)

@: no status effects
A: small, mutation resistance 1
a: no special abilities


You were on level 3 of the Dungeon.
You were not hungry.

You visited 1 branch of the dungeon, and saw 3 of its levels.

You collected 144 gold pieces.

Inventory:

Hand Weapons
 a - a +1 hand crossbow (weapon)
 q - a +2 dagger of venom
Missiles
 d - 12 bolts (quivered)
 e - 16 arrows
 t - 62 stones
Armour
 c - a +0 leather armour (worn)
 h - a +0 cloak (worn)
 l - a +0 helmet (worn)
Jewellery
 j - a ring of stealth (left hand)
 s - an amulet of faith (around neck)
Scrolls
 g - 2 scrolls of immolation {unknown}
 i - 2 scrolls of identify {unknown}
 k - 3 scrolls of fear {unknown}
 m - a scroll of magic mapping {unknown}
 n - a scroll of random uselessness {unknown}
 o - 2 scrolls of amnesia {unknown}
 u - a scroll of fog {unknown}
 v - 2 scrolls of remove curse {unknown}
Potions
 b - a potion of magic {unknown}
 p - 2 potions of curing {unknown}
 r - a potion of mutation {unknown}
 w - a potion of ambrosia {unknown}
 x - a potion of berserk rage {unknown}
Comestibles
 f - 2 rations


   Skills:
 - Level 1.9 Fighting
 + Level 5.6 Crossbows
 + Level 3.0 Dodging
 + Level 2.3 Stealth


You had 3 spell levels left.
You didn't know any spells.
Your spell library was empty.

Dungeon Overview and Level Annotations

Branches:
Dungeon (3/15)

Altars:
Dithmenos

Annotations:
D:3 Sigmund


Innate Abilities, Weirdness & Mutations

You are small and have problems with some larger weapons.
You are somewhat resistant to further mutation.


Message History

There is a stone staircase leading up here.
Firing (i - inventory. (/) - cycle)
d - 16 bolts (quivered)
Press: ? - help, Shift-Dir - straight line You shoot a bolt.
The adder bites you. The adder closely misses you. Something hits you.
Firing (i - inventory. (/) - cycle)
d - 15 bolts (quivered)
Press: ? - help, Shift-Dir - straight line You shoot a bolt.
The adder completely misses you.
Firing (i - inventory. (/) - cycle)
d - 14 bolts (quivered)
Press: ? - help, Shift-Dir - straight line You shoot a bolt.
The adder misses you. Something hits you!
* * * LOW HITPOINT WARNING * * *
The adder completely misses you.
Firing (i - inventory. (/) - cycle)
d - 13 bolts (quivered)
Press: ? - help, Shift-Dir - straight line You shoot a bolt.
The bolt hits the adder!
The adder is almost dead.
You feel less confused. The adder closely misses you. Something hits you.
You die...

>...# #.## #.# ..###
#..# #(# ..# ##.#
#.##### ..# #.# #....(#
#########.###...#.#####
#.........##...#.....#
#.............{#####.#
############.#S##....#
#..#.@#.#..#
#############.####.#..#
#.#.#.#.#.#...#....#..#
.#.#.#.#.#.#...)...#...
###.###.###........##.##
.#.#.#.#.#.#.>.....+..#
#.#.#.#.#.#..#.....# ##
##############.....#
#######


You could see an adder.

Vanquished Creatures
  2 adders
  A howler monkey skeleton (D:2)
  2 oozes
  A worm (D:2)
  A dart slug (D:1)
  An orc (D:3)
  5 goblins
  7 hobgoblins
  4 jackals (D:1)
  6 kobolds
  2 quokkas (D:2)
  2 ball pythons
  6 bats
  3 frilled lizards
  4 rats
47 creatures vanquished.

Notes
Turn   | Place    | Note
-------+----------+-------------------------------------------
     0 | D:1      | PentaManta the Halfling Hunter began the quest for the Orb.
     0 | D:1      | Reached XP level 1. HP: 14/14 MP: 1/1
    10 | D:1      | You fall into a shaft and drop 1 floor!
    15 | D:2      | Reached XP level 2. HP: 19/19 MP: 2/2
    19 | D:2      | Reached skill level 5 in Crossbows
    49 | D:2      | Reached XP level 3. HP: 24/24 MP: 3/3
   710 | D:1      | Reached XP level 4. HP: 29/29 MP: 4/4
  1669 | D:3      | Noticed Sigmund
  2032 | D:3      | Found a shadowy altar of Dithmenos.
  2192 | D:3      | Slain by Sigmund

Levels and vault maps discovered:
D:1:      doesnt_arrival_eight_statues, layout_basic, hangedman_decor_growths
D:2:      layout_basic, minmay_misc_feat_nine_boxes
D:3:      layout_basic, grunt_dithmenos_smoke_and_mirrors, first_ration,
          roderic_roman_lattice, chequers_serial_rivers_micro_e, uniq_sigmund

Skill      XL: |  1  2  3  4 |
---------------+-------------+-----
Crossbows      | 5 |  5.6
Stealth        | 2 |  2.3
Dodging        | 3 |  3.0
Fighting       | |  1.9

Action                   |  1- 3 |  4- 6 || total
-------------------------+-------+-------++-------
 Fire: Hand crossbow     |    43 |    70 ||   113
  Eat: Ration            |       |     1 ||     1
Armor: Leather armour    |       |     7 ||     7
Dodge: Dodged            |     6 |    23 ||    29
